 Dungeon Crawl Stone Soup version 0.27.1-1-g398f81649c (webtiles) character file.

Game seed: 13102157938875676247

11 Descartes the Sneak (level 2, -3/29 HPs)
             Began as a Troll Delver on Sept 8, 2021.
             Slain by Grinder (5 damage)
             ... while paralysed by Grinder
             ... on level 3 of the Dungeon.
             The game lasted 00:00:22 (164 turns).

Descartes the Sneak (Troll Delver)                   Turns: 164, Time: 00:00:23

Health: -3/29      AC:  4    Str: 19    XL:     2   Next: 13%
Magic:  1/1        EV:  1    Int:  6    God:
Gold:   42         SH:  0    Dex: 11    Spells: 1/1 levels left

rFire    . . .     SeeInvis .     - Unarmed
rCold    . . .     Faith    .   (no shield)
rNeg     . . .     Spirit   .   a - +0 robe
rPois    .         Reflect  .   (helmet restricted)
rElec    .         Harm     .   (no cloak)
rCorr    .         Rampage  .   (gloves unavailable)
Will     .....                  (boots unavailable)
Stlth    ++........             (no amulet)
HPRegen  1.09/turn              (no ring)
MPRegen  0.07/turn              (no ring)

@: paralysed
A: large, unfitting armour, claws 3, regeneration 1, shaggy fur 1, tough skin 1
a: no special abilities


You were on level 3 of the Dungeon.
You visited 1 branch of the dungeon, and saw 3 of its levels.

You collected 42 gold pieces.

Inventory:

Armour
 a - a +0 robe (worn)
Wands
 f - a wand of digging (3)
Scrolls
 b - a scroll of fog
 c - a scroll of magic mapping
 d - a scroll of fear
 g - a scroll of noise {unknown}
Potions
 e - a potion of haste


   Skills:
 + Level 2.6 Fighting
 + Level 1.9 Dodging
 - Level 2.7 Stealth
 + Level 2.3 Unarmed Combat


You had one spell level left.
You didn't know any spells.
Your spell library was empty.

Dungeon Overview and Level Annotations

Branches:
Dungeon (5/15)
 Temple: D:4-7

Altars:

Annotations:
D:3 Grinder
D:4 Sigmund


Innate Abilities, Weirdness & Mutations

You are too large for most types of armour.
You have claws for hands.
Your natural rate of healing is unusually fast.
You are covered in fur. (AC +1)
You have tough skin. (AC +1)


Message History

No target in view!
No target in view!
No target in view!
No target in view!
No target in view!
No target in view!
No target in view!
No target in view!
No target in view!
No target in view!
No target in view!
No target in view!
Things that are here:
a +0 dagger; a rat corpse A bat and Grinder come into view.
The bat moves out of view.
The bat barely misses you.
You closely miss the bat. The bat hits you but does no damage.
The bat barely misses you.
Grinder shouts!
You scratch the bat.
You kill the bat!
Grinder hits you.
You writhe in agony.
You closely miss Grinder. You barely miss Grinder. Grinder gestures at you.
You struggle to resist.
You closely miss Grinder. Grinder gestures at you.
You suddenly lose the ability to move!
Grinder hits you.
You writhe in agony.
Grinder hits you! Grinder gestures at you. Pain shoots through your body!
Grinder hits you but does no damage. Grinder gestures at you.
Pain shoots through your body!
* * * LOW HITPOINT WARNING * * *
Grinder hits you.
You die...

..### # .... #
#. .... .# #.
#..##.#... ..
#........
#.#.#..##.#...
#.....5.......
.#.. #@##.#
#....##.##.##
............#
#...........#
#.#.###.###)#
.. ...# #)# ..
##### #.#
########## #
####.#
#.........
#....#
#.########


You could see Grinder.

Vanquished Creatures
  4 orcs (D:3)
  A bat (D:3)
  2 rats (D:3)
7 creatures vanquished.

Notes
Turn   | Place    | Note
-------+----------+-------------------------------------------
     0 | D:5      | Descartes the Troll Delver began the quest for the Orb.
     0 | D:5      | Reached XP level 1. HP: 22/22 MP: 0/0
    16 | D:5      | Noticed a scorpion
    19 | D:4      | Noticed Sigmund
   141 | D:3      | Reached XP level 2. HP: 29/29 MP: 1/1
   149 | D:3      | Noticed Grinder
   158 | D:3      | Paralysed by Grinder for 6 turns
   163 | D:3      | HP: 1/29 [Grinder/nerve-wracking pain (12)]
   164 | D:3      | Slain by Grinder

Illustrated notes

Levels and vault maps discovered:
D:3:      layout_loops_ring, serial_glass, glass_columns_a, glass_columns_b,
          hellmonk_ghost_happy_afterlife, uniq_grinder
D:4:      layout_rooms, nicolae_wu_jian_wuxing_cycle,
          minmay_misc_feat_nine_boxes, grunt_ministairs_15, uniq_pikel,
          uniq_sigmund, uniq_blork_the_orc
D:5:      layout_basic, minmay_chambers_of_fives

Action                   || total
-------------------------++-------
Melee: Unarmed           ||    26
Armor: Robe              ||     7
Dodge: Dodged            ||    12
